 Dungeon Crawl Stone Soup version 0.31.0-11-ge490571c62 (webtiles) character file.

Game seed: 7304964292158698698

1093 monsoonserge the Chopper (level 8, -10/68 HPs)
             Began as a Hill Orc Fighter on Jan 30, 2024.
             Was a Priest of Zin.
             Mangled by an ogre
             ... wielding a +0 giant spiked club
              (21 damage)
             ... on level 5 of the Dungeon.
             The game lasted 00:17:38 (4920 turns).

monsoonserge the Chopper (Hill Orc Fighter)         Turns: 4920, Time: 00:17:38

Health: -10/68     AC: 11    Str: 21    XL:     8   Next: 31%
Magic:  11/11      EV: 10    Int:  8    God:    Zin [***...]
Gold:   200        SH:  4    Dex: 10    Spells: 7/7 levels left

rFire   . . .        a - +0 war axe
rCold   . . .        c - +0 buckler
rNeg    . . .        b - +0 scale mail
rPois   .            t - +0 helmet
rElec   .            w - +0 cloak
rCorr   .            (no gloves)
SInv    .            f - +0 pair of boots
Will    .....        i - amulet of the acrobat Stlth
                     (no ring)
HPRegen 0.31/turn    (no ring)
MPRegen 0.12/turn

%: acrobat
@: on recite cooldown, hasted, very quick
A: no striking features
a: Renounce Religion, Recite, Vitalisation, Imprison, Donate Gold


You were on level 5 of the Dungeon.
You worshipped Zin.
Zin was most pleased with you.
You visited 2 branches of the dungeon, and saw 6 of its levels.
You also visited: Sewer.

You collected 222 gold pieces.
You donated 22 gold pieces to Zin.

Inventory:

Hand Weapons
 a - a +0 war axe (weapon)
Missiles
 d - 16 poisoned darts (quivered)
 k - 2 curare-tipped darts
 u - a throwing net
 v - 3 boomerangs
Armour
 b - a +0 scale mail (worn)
 c - a +0 buckler (worn)
 f - a +0 pair of boots (worn)
 t - a +0 helmet (worn)
 w - a +0 cloak (worn)
Jewellery
 i - an amulet of the acrobat (around neck)
Wands
 x - a wand of mindburst (2)
Scrolls
 e - 2 scrolls of revelation {unknown}
 h - 2 scrolls of summoning
 l - a scroll of enchant armour
 m - a scroll of teleportation
 o - a scroll of torment
 r - a scroll of enchant weapon {unknown}
 s - 3 scrolls of fog {unknown}
Potions
 g - a potion of haste
 j - 2 potions of magic
 n - 4 potions of heal wounds
 p - a potion of cancellation {unknown}
 q - a potion of attraction {unknown}


   Skills:
 + Level 5.3 Fighting
 + Level 6.9 Axes
 + Level 1.2 Throwing
 + Level 6.0 Armour
 + Level 1.6 Dodging
 + Level 0.4 Stealth
 + Level 4.5 Shields
 * Level 5.1 Invocations


You had 7 spell levels left.
You didn't know any spells.
Your spell library contained the following spells:

 Spells                   Type           Power      Damage    Failure   Level
 Apportation              Tloc           0%         N/A       80%         1
 Necrotise                Necr           0%         1d4       80%         1
 Sting                    Conj/Alch      0%         1d3       80%         1
 Summon Small Mammal      Summ           0%         N/A       80%         1
 Sublimation of Blood     Necr           0%         N/A       90%         2
 Fugue of the Fallen      Necr           0%         N/A       99%         3
 Ozocubu's Armour         Ice            0%         N/A       99%         3
 Tukima's Dance           Hex            0%         N/A       99%         3
 Manifold Assault         Tloc           0%         N/A       100%        4
 Passage of Golubria      Tloc           0%         N/A       100%        4
 Petrify                  Alch/Erth      0%         N/A       100%        4
 Irradiate                Conj/Alch      0%         3d11      100%        5
 Yara's Violent Unravell  Hex/Alch       0%         3d3       100%        5
 Conjure Ball Lightning   Conj/Air       0%         3x3d6     100%        6
 Discord                  Hex            0%         N/A       100%        8
 Disjunction              Tloc           0%         N/A       100%        8


Dungeon Overview and Level Annotations

Branches:
Dungeon (5/15)             Temple (1/1) D:5           Sewer (visited)

Altars:
Ashenzari
Cheibriados
Elyvilon
Fedhas
Gozag
Kikubaaqudgha
Makhleb
Nemelex Xobeh
Okawaru
Qazlal
Ru
Sif Muna
Trog
Vehumet
Xom
Zin
The Shining One

Shops:
D:2 =((

Annotations:
D:5 2 transporters, SnakkuSnakku7's ghost, novice MfAE


Message History

Found 7 gold pieces and a glowing triple crossbow.
The ogre shouts!
You hear an angry hiss.
You hear a shout!
An iguana comes into view.
Found a scroll labelled LOPAPA SATASE.
A quokka comes into view.
The dart slug launches a dart at you. The slug dart hits you.
Found 5 gold pieces.
The dart slug launches a dart at you. The slug dart misses you.
You barely miss the dart slug.
The ogre hits you with a +0 giant spiked club!
The dart slug misses you.
You completely miss the ogre. You hit the dart slug. You slice the ogre!!
The ogre is severely wounded.
You hit the dart slug but do no damage.
The ogre hits you with a +0 giant spiked club!!
You block the dart slug's attack.
An orc comes into view. It is wielding a +2 heavy morningstar.
Activating: Recite (0% risk of failure)
Press: ? - help, Dir - look around, f - activate You clear your throat and prepare to recite. "Thus the people made the covenant of obedience with..."
The ogre is dazed by your recitation.
The ogre shouts!
The orc shouts!
The dart slug launches a dart at you. The slug dart misses you.
The ogre is lost in a daze.
The howler monkey howls!
You slash the dart slug!
The dart slug is almost dead.
You hit the ogre but do no damage. "...Zin, and all was good, for they knew that the..."
The ogre hits you with a +0 giant spiked club!!
* * * LOW HITPOINT WARNING * * *
It was a potion of haste.
You feel yourself speed up. "...forces of darkness would trouble them no longer."
You finish reciting Anathema 13:63.
The ogre hits you with a +0 giant spiked club!!
You die...

.......# .# ###
.......#..# .# .)..
.......#... .#.###.
.......#...# .#r....
.......#...# .###.##
.......#... ##...o..
.#.....#...#####.lw##...
.......#..#.....@O......
#.#....#...............$
#.#....#.....#########..
..##...+....##sWo...©##.
...#...#....#8.?#.#..8#.
>..##.......#..#..h#..#.
......#.....#........$#.
..###......©#....©...?#©
### ..##....#.....


You could see an ogre (dazed), a scorpion, a howler monkey, an iguana, an orc
wizard, SnakkuSnakku7's ghost, a dart slug, an orc and a quokka.

Vanquished Creatures
  A black bear (D:4)
  2 ogres
  A phantom (D:5)
  4 kobold brigands (Sewer)
  2 brain worms (Sewer)
  A scorpion (D:4)
  A jelly (D:4)
  A hound (D:5)
  Crazy Yiuf (D:4)
  A sleepcap (D:4)
  6 adders
  2 river rats
  A shadow imp (D:4)
  3 dart slugs
  7 ribbon worms
  9 orcs (D:4)
  9 bats
  11 endoplasms
  2 giant cockroaches
  5 goblins
  7 hobgoblins
  2 jackals (D:1)
  5 quokkas
  9 ball pythons
  7 frilled lizards
  7 kobolds
  11 rats
118 creatures vanquished.

Vanquished Creatures (others)
  An orc (D:4)
1 creature vanquished.

Grand Total: 119 creatures vanquished

Notes
Turn   | Place    | Note
-------+----------+-------------------------------------------
     0 | D:1      | monsoonserge the Hill Orc Fighter began the quest for the
                  | Orb.
     0 | D:1      | Reached XP level 1. HP: 19/19 MP: 1/1
   101 | D:1      | Reached XP level 2. HP: 27/27 MP: 2/2
   388 | D:1      | Reached XP level 3. HP: 29/33 MP: 3/3
   836 | D:2      | Found Naale's Jewellery Shoppe.
  1137 | D:2      | Reached XP level 4. HP: 39/40 MP: 4/4
  1156 | D:2      | Found Gecwus's Weapon Shop.
  1191 | D:2      | Found Haely's Antique Weapon Shoppe.
  1386 | D:2      | Found a faded altar of an unknown god.
  1410 | D:2      | Prayed at the altar of an unknown god.
  1410 | D:2      | Became a worshipper of Zin the Law-Giver
  1410 | D:2      | Reached * piety under Zin
  1631 | D:3      | Found a snail-covered altar of Cheibriados.
  1764 | D:3      | Reached ** piety under Zin
  2099 | D:3      | Found a glowing drain.
  2110 | Sewer    | Entered a sewer
  2243 | Sewer    | Reached XP level 5. HP: 36/46 MP: 5/5
  2284 | Sewer    | Reached skill level 1 in Invocations
  2476 | Sewer    | Noticed a kobold brigand
  2505 | Sewer    | Killed a kobold brigand
  2718 | Sewer    | Reached XP level 6. HP: 34/53 MP: 3/7
  2745 | Sewer    | HP: 2/53 [kobold brigand/+2 dagger of venom (1)]
  2748 | Sewer    | Reached skill level 5 in Axes
  2748 | Sewer    | Reached skill level 5 in Armour
  2748 | Sewer    | Reached skill level 1 in Dodging
  2997 | Sewer    | Reached XP level 7. HP: 52/60 MP: 9/9
  3936 | D:4      | Reached skill level 5 in Fighting
  4111 | D:4      | Reached skill level 1 in Throwing
  4111 | D:4      | Reached XP level 8. HP: 50/68 MP: 11/11
  4208 | D:4      | Found a white marble altar of Elyvilon.
  4362 | D:4      | Found a blossoming altar of Fedhas.
  4515 | D:4      | Found a runed translucent door.
  4516 | D:4      | Noticed Crazy Yiuf
  4523 | D:4      | Killed Crazy Yiuf
  4523 | D:4      | Reached *** piety under Zin
  4668 | D:5      | Entered Level 5 of the Dungeon
  4689 | D:5      | Found a stormy altar of Qazlal.
  4691 | D:5      | Found a glowing silver altar of Zin.
  4875 | D:5      | Found a staircase to the Ecumenical Temple.
  4889 | D:5      | Reached skill level 5 in Invocations
  4892 | Temple   | Entered the Ecumenical Temple
  4902 | D:5      | Found a transporter.
  4905 | D:5      | Noticed SnakkuSnakku7's ghost (novice MfAE)
  4911 | D:5      | Found a transporter.
  4920 | D:5      | Mangled by an ogre

Illustrated notes

Levels and vault maps discovered:
D:1:      tarquinn_simple_flora_water_a, layout_loops_ring, minmay_lizard_pond
D:2:      layout_loops_ring, shapermc_ecumenical_altar_flowoftime, serial_shops,
          nicolae_shop_statue_plus, shop, shop
D:3:      layout_basic, cheibriados_altar_1, gup_sewer_entry_bubbles,
          grunt_decor_arrowhead, chequers_serial_rivers_micro_e
D:4:      layout_rooms, kennysheep_little_box, marbit_many_paths,
          uniq_crazy_yiuf_cottage
D:5:      layout_gridville, chequers_temple_overflow_statue_of_worship,
          minmay_temple_entry_slanted, gammafunk_ghost_arena, minmay_checkerbox
Temple:   chequers_temple_sunken

Skill      XL: |  1  2  3  4  5  6  7  8 |
---------------+-------------------------+-----
Fighting       | 4 5 |  5.3
Axes           | 3 4 5 6 |  6.9
Armour         | 4 5 6 |  6.0
Shields        | 4 |  4.5
Invocations    | 2 3 4 5 |  5.1
Dodging        | 1 |  1.6
Throwing       | 1 |  1.2
Stealth        | |  0.4

Action                     |  1- 3 |  4- 6 |  7- 9 || total
---------------------------+-------+-------+-------++-------
  Melee: War axe           |   138 |   186 |   189 ||   513
  Throw: Dart              |       |     9 |     6 ||    15
 Invoke: Recite            |       |     6 |     5 ||    11
         Vitalisation      |       |     1 |       ||     1
    Use: Scroll            |       |     8 |       ||     8
         Potion            |       |     4 |     1 ||     5
   Stab: Invisible         |       |       |     1 ||     1
 Armour: Scale mail        |    82 |   131 |   106 ||   319
  Dodge: Dodged            |    90 |   114 |    68 ||   272
  Block: Buckler           |    24 |    33 |    40 ||    97
